 Dungeon Crawl Stone Soup version 0.31-a0-963-ga325b2283a (webtiles) character file.

Game seed: 16561344203093091765

16004 lunkers the Black Belt (level 13, -10/157 HPs)
             Began as a Meteoran Shapeshifter on Oct 24, 2023.
             Was a Follower of Ru.
             Mangled by a death yak (15 damage)
             ... on level 4 of the Lair of Beasts on Oct 25, 2023.
             The game lasted 00:19:19 (5031 turns).

lunkers the Black Belt (Meteoran Shapeshifter)      Turns: 5031, Time: 00:19:20

Health: -10/157    AC: 26    Str: 16    XL:     13   Next: 1%
Magic:  14/14      EV:  2    Int: 12    God:    Ru [*.....]
Gold:   329        SH:  0    Dex: 19    Spells: 12/12 levels left

rFire   . .          .
                       - Unarmed
rCold   . . .        (no shield)
rNeg    . . .        a - melded +0 animal skin
rPois   +            (helmet currently unavailable)
rElec   .            C - melded +1 cloak {rPois}
rCorr   .            (gloves currently unavailable)
SInv    .            q - melded +2 pair of boots
Will    ++...        (no amulet)
Stlth   +            p - ring of poison resistance
HPRegen 0.46/turn    z - ring of willpower
MPRegen 0.14/turn

%: no passive effects
@: tree-form, glowing
A: stationary, stasis, torment immunity, boosted hp, sense surroundings 2,
unskilled 1, otherworldly, glowing, explore regen
a: Renounce Religion


You were on level 4 of the Lair of Beasts.
You worshipped Ru.
Ru was aware of your devotion.
You were a tree.
You visited 3 branches of the dungeon, and saw 13 of its levels.
You also visited: Sewer and Ossuary.

You collected 329 gold pieces.

Inventory:

Armour
 a - a +0 animal skin (melded)
 q - a +2 pair of boots (melded)
 A - +0 steam dragon scales
 C - a +1 cloak of poison resistance (melded)
 G - a +1 pair of gloves
 I - a +2 helmet
Jewellery
 j - an amulet of magic regeneration
 p - a ring of poison resistance (left branch)
 z - a ring of willpower (right branch)
Talismans
 c - a beast talisman
 d - a flux talisman
 n - a serpent talisman (active)
Wands
 i - a wand of quicksilver (17)
 y - a wand of digging (3)
 H - a wand of flame (24)
 L - a wand of iceblast (6)
Scrolls
 k - a scroll of fog {unknown}
 v - a scroll of fear {unknown}
 x - 2 scrolls of enchant weapon {unknown}
 B - 2 scrolls of noise {unknown}
 D - a scroll of brand weapon {unknown}
 E - a scroll of poison {unknown}
 F - a scroll of teleportation
 J - a scroll of enchant armour
 K - a scroll of vulnerability
Potions
 e - a potion of heal wounds
 f - 3 potions of attraction
 g - a potion of ambrosia
 h - 6 potions of curing
 l - a potion of invisibility
 m - 4 potions of brilliance
 o - 3 potions of might
 r - 7 potions of enlightenment
 s - a potion of mutation {unknown}
 t - a potion of cancellation {unknown}
 u - 2 potions of haste
 w - a potion of berserk rage {unknown}


   Skills:
 + Level 7.0 Fighting
 + Level 7.2 Dodging
 * Level 15.5 Unarmed Combat
 + Level 10.6 Shapeshifting


You had 12 spell levels left.
You didn't know any spells.
Your spell library contained the following spells:

 Spells                   Type           Power      Damage    Failure   Level
 Ensorcelled Hibernation  Hex/Ice        0%         N/A       45%         2
 Jinxbite                 Hex            0%         N/A       45%         2
 Anguish                  Hex/Necr       0%         N/A       97%         4


Dungeon Overview and Level Annotations

Branches:
Dungeon (8/15) Zot: 1346   Temple (1/1) D:4 Zot: 531    Lair (4/5) D:8 Zot: 1622
 Spider (0/4) Lair:2        Slime (0/5) Lair:4        Sewer (visited)
Ossuary (visited)
  Swamp: Lair:2-3    Shoals: Lair:2-3

Altars:
Cheibriados
Dithmenos
Gozag
Hepliaklqana
Kikubaaqudgha
Makhleb
Nemelex Xobeh
Okawaru
Qazlal
Ru
Trog
Vehumet
Xom
Yredelemnul
Zin
The Shining One

Shops:
D:5 ?

Annotations:
D:5 3 runed translucent doors, gebbletook2's ghost, novice VSFi


Innate Abilities, Weirdness & Mutations

You are a tree.
Your roots penetrate the ground, keeping you stationary.
You cannot be teleported.
You are immune to unholy pain and torment.
Your maximum health is greatly increased.
Your equipment is partially melded.
You passively map the area around you.
You are somewhat unskilled. (-1 Apt)
You are easily found by Zot.
You glow in the dark.
You regain HP and MP as you explore.


Message History

You smack the death yak!
The death yak is almost dead.
The death yak gores you.
* * * LOW HITPOINT WARNING * * *
You hit the death yak but do no damage.
You punch the death yak, but do no damage.
The death yak is almost dead.
The death yak gores you!
* * * LOW HITPOINT WARNING * * *
You pummel the death yak!!
You kill the death yak!
Your Fighting skill increases to level 7!
You have reached level 13!
You hit the death yak.
The death yak is lightly wounded.
You hit the death yak. You punch the death yak.
The death yak is lightly wounded.
The death yak gores you but does no damage.
You pummel the death yak!!
The death yak is heavily wounded.
The death yak gores you.
* * * LOW HITPOINT WARNING * * *
You barely miss the death yak. Your punch misses the death yak.
The death yak is heavily wounded.
The death yak gores you but does no damage.
You pummel the death yak!!
The death yak is almost dead.
You barely miss the death yak.
The death yak is almost dead.
The death yak gores you.
* * * LOW HITPOINT WARNING * * *
You hit the death yak but do no damage.
The death yak is severely wounded.
The death yak gores you but does no damage.
You hit the death yak but do no damage.
The death yak is severely wounded.
You smack the death yak!
The death yak is almost dead.
The death yak gores you!
You die...

, * #............., ,
* **#............ , ,
, * , *#............
, * , >,
#............ , , *
,+............ , , ,
* #....<....... , , ,
* ##............ , *
*
#.#####Y†...........,
,* *
#....♣#............ *
#.....##............
, , ......#
#............, ,
...... #............,
,, .....
............., ###..
**#......... , , *
#., * ....=.. .., , *
, ,, , , * ,,* *, , ,
,,


You could see a death yak.

Vanquished Creatures
  2 hydras
  A two-headed ogre (D:8)
  3 death yaks
  Pikel (D:6)
  7 elephants
  2 torpor snails
  Maggie (D:6)
  2 komodo dragons (Lair:3)
  20 yaks
  Grum (D:8)
  3 wyverns
  A basilisk (Lair:1)
  A steam dragon (D:6)
  2 redbacks (Lair:2)
  9 water moccasins
  2 ice beasts (D:5)
  An orc warrior (D:8)
  A sky beast (D:6)
  4 black bears (D:8)
  2 centaurs
  8 wolves
  A kobold brigand (D:7)
  5 bullfrogs
  2 scorpions
  6 water moccasin zombies (Ossuary)
  5 wights
  An electric eel (Lair:2)
  2 jellies
  2 hounds
  2 gnoll boudas
  3 orc priests
  Crazy Yiuf (D:6)
  7 iguanas
  An orc wizard (D:3)
  3 mummies
  8 gnolls
  7 river rats
  14 adders
  3 white imps
  4 adder zombies (Ossuary)
  5 worms
  A dart slug (D:3)
  16 orcs
  14 ball pythons
  12 bats
  8 endoplasms
  5 giant cockroaches
  5 gnoll zombies (Ossuary)
  7 goblins
  7 hobgoblins
  8 kobolds
  9 quokkas
  4 frilled lizards
  3 hobgoblin zombies (Ossuary)
  2 kobold zombies (Ossuary)
  3 orc zombies (Ossuary)
  4 rats
264 creatures vanquished.

Notes
Turn   | Place    | Note
-------+----------+-------------------------------------------
     0 | D:1      | lunkers the Meteoran Shapeshifter began the quest for the
                  | Orb.
     0 | D:1      | Reached XP level 1. HP: 16/16 MP: 2/2
   164 | D:1      | Reached XP level 2. HP: 23/23 MP: 3/3
   186 | D:1      | Reached skill level 4 in Unarmed Combat
   197 | D:1      | Found a faded altar of an unknown god.
   467 | D:2      | Reached XP level 3. HP: 26/28 MP: 4/4
   705 | D:2      | Reached XP level 4. HP: 16/35 MP: 5/5
   723 | D:2      | Reached skill level 5 in Unarmed Combat
   867 | D:3      | Reached XP level 5. HP: 33/40 MP: 6/6
  1002 | D:3      | Reached skill level 6 in Unarmed Combat
  1450 | D:3      | Reached XP level 6. HP: 23/47 MP: 7/7
  1461 | D:3      | Found a glowing drain.
  1467 | Sewer    | Entered a sewer
  1562 | Sewer    | Reached skill level 5 in Shapeshifting
  1731 | Sewer    | Reached skill level 7 in Unarmed Combat
  1974 | D:4      | Found a staircase to the Ecumenical Temple.
  1979 | D:4      | Reached XP level 7. HP: 33/52 MP: 8/8
  1990 | Temple   | Entered the Ecumenical Temple
  2014 | D:4      | Found a sand-covered staircase.
  2023 | Ossuary  | Entered an ossuary
  2068 | Ossuary  | Reached skill level 8 in Unarmed Combat
  2077 | Ossuary  | Reached XP level 8. HP: 28/59 MP: 9/9
  2210 | D:4      | Reached skill level 9 in Unarmed Combat
  2293 | D:4      | You fall into a shaft and drop 1 floor!
  2293 | D:5      | Entered Level 5 of the Dungeon
  2432 | D:5      | Found a runed translucent gate.
  2432 | D:5      | Found a runed translucent gate.
  2432 | D:5      | Found a runed translucent gate.
  2433 | D:5      | Noticed gebbletook2's ghost (novice VSFi)
  2495 | D:5      | Reached skill level 10 in Unarmed Combat
  2700 | D:5      | Gained mutation: You passively map the area around you.
                  | [Meteoran growth]
  2700 | D:5      | Reached XP level 9. HP: 55/64 MP: 10/10
  2940 | D:6      | Noticed Maggie
  2948 | D:6      | Killed Maggie
  2949 | D:6      | Reached skill level 11 in Unarmed Combat
  3000 | D:6      | Noticed Pikel
  3006 | D:6      | Killed Pikel
  3007 | D:6      | Reached skill level 12 in Unarmed Combat
  3012 | D:6      | Found a shadowy altar of Dithmenos.
  3076 | D:6      | Reached XP level 10. HP: 32/71 MP: 11/11
  3103 | D:6      | Found a runed translucent door.
  3104 | D:6      | Noticed Crazy Yiuf
  3108 | D:6      | Killed Crazy Yiuf
  3325 | Temple   | Became a worshipper of Ru the Awakened
  3487 | D:5      | Found The Oracle's Delphic Readings.
  3979 | D:7      | Reached skill level 13 in Unarmed Combat
  4040 | D:8      | Noticed Grum
  4048 | D:8      | Killed Grum
  4148 | D:8      | Noticed a two-headed ogre
  4163 | D:8      | Killed a two-headed ogre
  4166 | D:8      | Reached XP level 11. HP: 76/84 MP: 12/12
  4169 | D:8      | Reached skill level 14 in Unarmed Combat
  4177 | D:8      | Found a staircase to the Lair.
  4212 | D:9      | Identified the "Zoin Peu"
  4212 | IceCv    | Identified the of Xomoi
  4212 | Lair:1   | Entered Level 1 of the Lair of Beasts
  4254 | Lair:1   | Noticed a torpor snail
  4260 | Lair:1   | Killed a torpor snail
  4261 | Lair:1   | Reached skill level 5 in Dodging
  4275 | Lair:1   | Reached skill level 10 in Shapeshifting
  4285 | Lair:1   | Reached skill level 5 in Fighting
  4457 | Lair:2   | Found a hole to the Spider Nest.
  4492 | Lair:2   | Noticed a four-headed hydra
  4504 | Lair:2   | Killed a four-headed hydra
  4505 | Lair:2   | Reached skill level 15 in Unarmed Combat
  4559 | Lair:3   | Noticed an eight-headed hydra
  4573 | Lair:3   | Killed an eight-headed hydra
  4588 | Lair:3   | Reached XP level 12. HP: 43/96 MP: 13/13
  4601 | Lair:3   | Noticed a death yak
  4672 | Lair:2   | Found an iron altar of Okawaru.
  4676 | Lair:2   | Gained mutation: You are somewhat unskilled. (-1 Apt) [Ru
                  | sacrifice]
  4676 | Lair:2   | Reduced skill Fighting to level 5
  4676 | Lair:2   | Reduced skill Unarmed Combat to level 14
  4676 | Lair:2   | Reached * piety under Ru
  4706 | Lair:3   | Killed a death yak
  4821 | Lair:3   | Reached skill level 15 in Unarmed Combat
  4989 | Lair:4   | Noticed a death yak
  4990 | Lair:4   | Noticed a death yak
  4992 | Lair:4   | Noticed a death yak
  5000 | Lair:4   | Killed a death yak
  5021 | Lair:4   | HP: 7/145 [death yak (10)]
  5022 | Lair:4   | Killed a death yak
  5023 | Lair:4   | Reached XP level 13. HP: 8/105 MP: 14/14
  5028 | Lair:4   | HP: 4/157 [death yak (5)]
  5031 | Lair:4   | Mangled by a death yak

Illustrated notes

Levels and vault maps discovered:
D:1:      minmay_arrival_stair_chambers, layout_loops_ring,
          chequers_ecumenical_altar_grove, minmay_misc_feat_rugged, st_stairs_5
D:2:      layout_loops_ring, serial_glass, glass_columns_b, glass_columns_a
D:3:      layout_basic, portal_sewer_entry_e, chequers_garden,
          minmay_close_crescents
D:4:      layout_rooms, mainiacjoe_overflow_paths, minmay_temple_entry_grid,
          gup_ossuary_entry_pyramid
D:5:      layout_loops_corners, ebering_ghost_rock_garden,
          nicolae_nh_oracle_at_delphi
D:6:      layout_gridville, mainiacjoe_overflow_six_doors_small,
          patterned_corridor, uniq_maggie, uniq_pikel, uniq_crazy_yiuf_cottage
D:7:      layout_basic, kennysheep_little_box, mainiacjoe_overflow_cross_hatched
D:8:      layout_rooms, old_standard_altar, minmay_lair_entry_grove,
          chequers_decorated_corner, chequers_serial_rivers_large_a,
          kennysheep_diamond, minmay_orc_keep, uniq_grum
Temple:   regret_index_temple_waves
Lair:1:   layout_cave_pods, portal_ice_cave_entry_ice_simulacra
Lair:2:   layout_small_grid, elwin_shoals_entry_rocks, spider_nest_entry_webs,
          basic_altar, wad_woods_river_02, nicolae_quartered_pool_medium
Lair:3:   layout_gridlike, gammafunk_ghost_grave, dreamdust_gnoll_shepherd
Lair:4:   layout_long_grid, dpeg_slime_entry_enclosed, special_room
          [special_room_mythical_zoo], minmay_lindwurm_lava

Skill      XL: |  1  2  3  4  5  6  7  8  9 10 11 12 |
---------------+-------------------------------------+-----
Unarmed Combat | 4 5 6 7 8 10 12 13 15 15 | 15.5
Shapeshifting  | 4 5 6 7 8 9 10 | 10.6
Fighting       | 4 6 7 |  7.0
Dodging        | 4 6 7 |  7.2

Action                     |  1- 3 |  4- 6 |  7- 9 | 10-12 | 13-15 || total
---------------------------+-------+-------+-------+-------+-------++-------
  Melee: Unarmed           |    56 |   151 |   198 |   312 |     9 ||   726
         Punch             |     2 |     3 |       |     1 |     1 ||     7
         Constrict         |       |    18 |    47 |    54 |       ||   119
 Invoke: Sacrifice Skill   |       |       |       |     1 |       ||     1
  Evoke: Wand              |       |       |       |     1 |       ||     1
    Use: Scroll            |       |     7 |     6 |     2 |       ||    15
         Potion            |       |       |       |     3 |       ||     3
 Armour: Animal skin       |    21 |    29 |       |     8 |       ||    58
         Skin              |       |    51 |   109 |   296 |     6 ||   462
  Dodge: Dodged            |    25 |    67 |    60 |   213 |       ||   365
   Form: Anaconda          |       |     1 |       |     1 |       ||     2
         Flux              |       |       |       |     1 |       ||     1

Table legend: (Time is in decaauts)
 A = Elapsed time spent in this place.
 B = Non-inter-level travel time spent in this place.
 C = Inter-level travel time spent in this place.
 D = Time resting spent in this place.
 E = Time spent auto-exploring this place.
 F = Levels seen in this place.
 G = Mean time per level.
                   A        B        C        D        E       F      G
               +--------+--------+--------+--------+--------+-----+--------+
         Total |   4911 |   4671 |    240 |      0 |   2829 |  15 |  327.4 |
       Dungeon |   3453 |   3288 |    165 |      0 |   2324 |   8 |  431.6 |
        Temple |     68 |      8 |     60 |      0 |      0 |   1 |   68.0 |
          Lair |    777 |    762 |     15 |      0 |    153 |   4 |  194.2 |
         Sewer |    448 |    448 |      0 |      0 |    274 |   1 |  448.0 |
       Ossuary |    164 |    164 |      0 |      0 |     78 |   1 |  164.0 |
               +--------+--------+--------+--------+--------+-----+--------+

Top non-repeatable levels by time:
     D:5: 766 daAuts
     D:3: 690 daAuts
     D:6: 592 daAuts
   Sewer: 448 daAuts
     D:1: 437 daAuts
     D:2: 375 daAuts
  Lair:3: 348 daAuts
     D:7: 251 daAuts
  Lair:1: 212 daAuts
     D:4: 179 daAuts
  Lair:2: 170 daAuts
 Ossuary: 164 daAuts
     D:8: 159 daAuts
  Temple: 68 daAuts
  Lair:4: 45 daAuts
